[Event "Team 45 45 League T32"]
[Site "Internet Chess Club"]
[Date "2007.02.09"]
[Round "4"]
[White "ERaulli"]
[Black "Hedges"]
[Result "1-0"]
[WhiteElo "1768"]
[BlackElo "1762"]
[ECO "A16"]
[TimeControl "2700+45"]

1. c4 Nf6 2. Nc3 g6 3. g3 Bg7 4. Bg2 O-O 5. d3 d6 6. e4 e5 7. Nge2 h6 8. O-O Nc6
9. h3 Be6 10. Be3 a5 11. Qd2 Kh7 12. f4 exf4 13. gxf4 Nh5 14. f5 Bd7 15. Nd5 Ne5
16. Qc2 Nf6 17. Nef4 gxf5 18. Nxf6+ Bxf6 19. Nd5 Bg5 20. d4 c6 21. Bxg5 Qxg5 22.
Nb6 Ra6 23. Nxd7 Nxd7 24. Rxf5 Qg3 25. e5 Kh8 26. Raf1 Qg6 27. Qc3 Raa8 28. exd6
Rg8 29. d5+ Kh7 30. Rxf7+ Rg7 31. Rxg7+ Qxg7 32. Qxg7+ Kxg7 33. dxc6 bxc6 34.
Bxc6 Rd8 35. Bxd7 Rxd7 36. c5 Kg6 37. Rd1 Kf5 38. c6 Rg7+ 39. Kf2 {Black
resigns} 1-0

[Event "Team 45 45 League T32"]
[Site "Internet Chess Club"]
[Date "2007.02.10"]
[Round "4"]
[White "manzeer"]
[Black "kamu"]
[Result "0-1"]
[WhiteElo "1640"]
[BlackElo "1730"]
[ECO "C47"]
[TimeControl "2700+45"]

1. e4 Nf6 2. Nc3 e5 3. Nf3 Nc6 4. Be2 Bb4 5. d3 Bxc3+ 6. bxc3 d6 7. O-O O-O 8.
Bg5 h6 9. Bd2 Bg4 10. h3 Be6 11. Qc1 Kh7 12. Nh2 Nd7 13. f4 exf4 14. Bxf4 f5 15.
Rb1 fxe4 16. dxe4 Nc5 17. Qe3 Bxa2 18. Rb2 Bf7 19. e5 Re8 20. Bxh6 Rxe5 21. Qg3
Bg6 22. Be3 Qe7 23. Ng4 Rf5 24. Re1 Ne4 25. Qh2 Qh4 26. Ra1 Ra5 27. Rf1 Ng3 28.
Bf3 Nxf1 29. Kxf1 Ra1+ 30. Ke2 Qe1# {White checkmated} 0-1

[Event "Team 45 45 League T32"]
[Site "Internet Chess Club"]
[Date "2007.02.08"]
[Round "4"]
[White "alastorx"]
[Black "LoseOften"]
[Result "0-1"]
[WhiteElo "1842"]
[BlackElo "1774"]
[ECO "A80"]
[TimeControl "2700+45"]

1. d4 f5 2. Bg5 h6 3. Bh4 g5 4. e3 Nf6 5. Bg3 d6 6. Nc3 Bg7 7. h4 g4 8. Nge2 Nh5
9. Qd2 Be6 10. e4 Qd7 11. O-O-O Bf7 12. Nf4 Nxf4 13. Bxf4 Nc6 14. Be2 Nxd4 15.
Bd3 O-O-O 16. Be3 fxe4 17. Bxe4 Nc6 18. Nb5 Kb8 19. Nd4 Nxd4 20. Bxd4 e5 21. Be3
d5 22. Bd3 d4 23. Be4 Qe7 24. Rhe1 dxe3 25. Qxe3 Bxa2 26. Qc3 h5 27. Rd3 Rxd3
28. cxd3 Qd6 29. Kd2 Bh6+ 30. Ke2 Bd5 31. Kf1 Bxe4 32. Rxe4 Re8 33. b4 Bg7 34.
b5 Rf8 35. Ra4 Qb6 36. Ra2 Qxb5 37. Qa3 Qb6 38. Rb2 Qd6 39. Qb3 b6 40. Ra2 Bf6
41. g3 Rd8 42. Ke2 e4 43. dxe4 Qd1+ 44. Qxd1 Rxd1 45. Kxd1 c5 46. Kc2 a5 47. Kd3
Kc7 48. Kc4 Kc6 49. Rd2 b5+ 50. Kb3 Bd4 51. Re2 c4+ 52. Kc2 Kd6 53. Rd2 Ke5 54.
Re2 a4 55. Kb1 a3 {White resigns} 0-1

[Event "Team 45 45 League T32"]
[Site "Internet Chess Club"]
[Date "2007.02.10"]
[Round "4"]
[White "shijith"]
[Black "Egmont"]
[Result "0-1"]
[WhiteElo "1753"]
[BlackElo "1696"]
[ECO "A83"]
[TimeControl "2700+45"]

1. d4 f5 2. e4 fxe4 3. Nc3 Nf6 4. Bg5 Nc6 5. d5 Ne5 6. Qd4 Nf7 7. Bxf6 exf6 8.
Nxe4 Be7 9. O-O-O O-O 10. Nf3 f5 11. Ng3 Bf6 12. Qc4 d6 13. Bd3 Ne5 14. Nxe5
Bxe5 15. Kb1 Kh8 16. f4 b5 17. Qxb5 Bxf4 18. Qc4 Be5 19. Rdf1 g6 20. Rf3 Rb8 21.
b4 Bd7 22. Ne2 a5 23. c3 axb4 24. cxb4 Bb5 25. Qb3 Bd7 26. h4 c5 27. dxc6 Bxc6
28. Rf2 h5 29. a4 Qb6 30. Rhf1 Qxb4 31. Qxb4 Rxb4+ 32. Kc1 Bxa4 33. g3 Rc8+ 34.
Kd2 Rb2+ 35. Ke1 Bxg3 36. Rg1 Bxf2+ 37. Kxf2 Kh7 38. Kf3 Bc6+ 39. Kf4 Rb4+ 40.
Ke3 Re8+ 41. Kf2 Rxh4 {White resigns} 0-1

[Event "Team 45 45 League T32"]
[Site "Internet Chess Club"]
[Date "2007.02.11"]
[Round "4"]
[White "chinta"]
[Black "Beancounter"]
[Result "1-0"]
[WhiteElo "1775"]
[BlackElo "1676"]
[ECO "B08"]
[TimeControl "2700+45"]

1. e4 g6 2. d4 d6 3. Nf3 Nf6 4. Nc3 Bg7 5. Bd3 O-O 6. h3 c5 7. e5 dxe5 8. dxe5
Nd5 9. h4 Nxc3 10. bxc3 Bg4 11. Rb1 Qc7 12. Qe2 e6 13. h5 Bxf3 14. Qxf3 Bxe5 15.
Bh6 Bxc3+ 16. Kf1 Bg7 17. Bxg7 Kxg7 18. h6+ {Black resigns} 1-0

[Event "Team 45 45 League T32"]
[Site "Internet Chess Club"]
[Date "2007.02.09"]
[Round "4"]
[White "rabanito"]
[Black "NFK"]
[Result "1/2-1/2"]
[WhiteElo "1733"]
[BlackElo "1689"]
[ECO "C63"]
[TimeControl "2700+45"]

1. e4 e5 2. Nf3 Nc6 3. Bb5 f5 4. Nc3 Nf6 5. exf5 e4 6. Ng5 d5 7. d3 Bxf5 8. O-O
h6 9. dxe4 dxe4 10. Qxd8+ Rxd8 11. Ngxe4 Nxe4 12. Re1 Bb4 13. Rxe4+ Bxe4 14.
Nxe4 Rd1+ 15. Bf1 Nd4 16. Ng3 Nxc2 17. Rb1 Bd2 18. Ne2 Nb4 19. Bxd2 Rxb1 20.
Bxb4 Rxb2 21. Bc3 Rxa2 22. Bxg7 Rh7 23. Bd4 Rd7 24. Be3 Rd1 25. Nc3 Rxf1+ 26.
Kxf1 Ra1+ 27. Ke2 h5 28. h4 a5 29. Nd5 a4 30. Nxc7+ Kd7 31. Nd5 a3 32. Nf6+ Kc6
33. Nxh5 a2 34. Bd4 Rb1 35. Ng3 Rg1 36. Kf3 a1=Q 37. Bxa1 Rxa1 38. h5 b5 39. h6
b4 40. Ke3 b3 41. h7 Ra8 42. Kd3 Kb5 43. Kc3 Ka4 44. Kb2 Rh8 45. Ne4 Rxh7 46.
Nc5+ Kb4 47. Nxb3 Rh2 48. Nd2 {Game drawn by mutual agreement} 1/2-1/2

[Event "Team 45 45 League T32"]
[Site "Internet Chess Club"]
[Date "2007.02.11"]
[Round "4"]
[White "EagerToLearn"]
[Black "DeepHmm"]
[Result "0-1"]
[WhiteElo "2085"]
[BlackElo "2228"]
[ECO "C06"]
[TimeControl "2700+45"]

1. e4 e6 2. d4 d5 3. Nd2 Nf6 4. e5 Nfd7 5. Bd3 c5 6. c3 Nc6 7. Ne2 cxd4 8. cxd4
f6 9. exf6 Nxf6 10. O-O Bd6 11. Nf3 O-O 12. Bf4 Bxf4 13. Nxf4 Ne4 14. Ne2 Bd7
15. Bxe4 dxe4 16. Ne5 Nxe5 17. dxe5 Bb5 18. Re1 Bd3 19. Qb3 Qh4 20. Qxe6+ Kh8
21. g3 Qg5 22. Nc1 Bb5 23. Qb3 Bc6 24. Re3 Qf5 25. Qc2 Qxe5 26. Ne2 Rf6 27. f4
Qa5 28. Qc3 Qb6 29. Nd4 Rd8 30. Nc2 Rd3 31. Qe1 Qxb2 32. Rc1 Rfd6 33. Rxd3 exd3
34. Qe5 Qxc1+ {White resigns} 0-1

[Event "Team 45 45 League T32"]
[Site "Internet Chess Club"]
[Date "2007.02.11"]
[Round "4"]
[White "achessman"]
[Black "fhunfi"]
[Result "1-0"]
[WhiteElo "1998"]
[BlackElo "1936"]
[ECO "C00"]
[TimeControl "2700+45"]

1. e4 e6 2. Qe2 c5 3. g3 Nc6 4. c3 g6 5. Bg2 Bg7 6. f4 d6 7. Nf3 Nge7 8. O-O O-O
9. Kh1 Rb8 10. d3 b5 11. Be3 f5 12. e5 dxe5 13. Bxc5 exf4 14. gxf4 Re8 15. Ne5
Qc7 16. d4 Bb7 17. Nd2 Nxe5 18. fxe5 Bxg2+ 19. Qxg2 Qb7 20. Bxe7 Rxe7 21. Nb3
Qxg2+ 22. Kxg2 Kf7 23. Nc5 Ree8 24. b4 Bf8 25. Rfb1 Bxc5 26. bxc5 Ke7 27. Rb4 a5
28. Rb2 Kd7 29. Rab1 Kc6 30. a4 b4 31. cxb4 axb4 32. Rxb4 Rxb4 33. Rxb4 Ra8 34.
Kf3 Kd5 35. Ke3 g5 36. Kd3 Kc6 37. Kc4 h5 38. Kd3 h4 39. Ke3 Kd5 40. Rb6 Rxa4
41. Rd6+ Kc4 42. c6 Ra3+ 43. Kf2 Ra2+ 44. Kg1 Rc2 45. d5 exd5 46. e6 Rc1+ 47.
Kf2 Rc2+ 48. Ke1 Kc5 49. e7 Kxd6 50. e8=Q Rxc6 51. Qg6+ Kc5 52. Qxf5 Kb4 53.
Qxd5 Rc5 54. Qd3 Rc1+ 55. Kd2 Rc5 56. Qd6 Kc4 57. Ke3 Rb5 58. Qe6+ Kc5 59. Ke4
Rb4+ 60. Kf5 g4 61. Qe7+ Kb5 62. Qxh4 g3 63. Qxb4+ {Black resigns} 1-0

[Event "Team 45 45 League T32"]
[Site "Internet Chess Club"]
[Date "2007.02.09"]
[Round "4"]
[White "ChrisBreeden"]
[Black "Squaredance"]
[Result "0-1"]
[WhiteElo "1883"]
[BlackElo "1970"]
[ECO "C41"]
[TimeControl "2700+45"]

1. e4 e5 2. Nf3 d6 3. d4 exd4 4. Qxd4 a6 5. Bg5 Nc6 6. Qd2 Nf6 7. Bd3 Be7 8. c4
O-O 9. h3 Be6 10. O-O Nd7 11. Bxe7 Nxe7 12. Ng5 h6 13. Nxe6 fxe6 14. f4 Nc6 15.
Nc3 Qf6 16. Rae1 Qd4+ 17. Re3 Rf7 18. Ne2 Qb6 19. Kh1 Raf8 20. Rg3 Qa5 21. Qxa5
Nxa5 22. Nd4 Re8 23. Be2 Nf6 24. e5 Ne4 25. Re3 Nd2 26. Rc1 Rxf4 27. Rd3 dxe5
28. Nxe6 Rxe6 29. Rxd2 Rd4 30. Rcd1 Red6 31. Rxd4 Rxd4 32. Rxd4 exd4 33. c5 Nc6
34. Kg1 Kf7 35. Kf2 Ke6 36. Bc4+ Ke5 37. Kf3 Nb4 38. g4 g5 39. Ke2 Ke4 40. Kd2
Nd5 41. a3 Nf4 42. b4 Nxh3 43. Be6 b6 44. b5 axb5 45. Bd7 Kf3 46. cxb6 cxb6 47.
Kd3 Nf2+ 48. Kxd4 Nxg4 49. Bxb5 h5 50. Bc6+ Kf2 51. Kc3 h4 52. Kb4 h3 53. Kb5 h2
54. Kxb6 Ne5 55. Bh1 Nc4+ 56. Kc5 Nxa3 57. Kd4 g4 58. Ke4 g3 59. Kf4 {White
resigns} 0-1

[Event "Team 45 45 League T32"]
[Site "Internet Chess Club"]
[Date "2007.02.11"]
[Round "4"]
[White "kingfischer57"]
[Black "Ultrajet"]
[Result "0-1"]
[WhiteElo "1767"]
[BlackElo "1819"]
[ECO "A40"]
[TimeControl "2700+45"]

1. d4 g6 2. c4 Bg7 3. Nc3 c5 4. Nf3 cxd4 5. Nxd4 Nc6 6. e3 Nf6 7. Be2 O-O 8. O-O
d6 9. Bf3 Ne5 10. Be2 Bd7 11. Nf3 Nxf3+ 12. Bxf3 Rb8 13. Rb1 Qc7 14. b3 b5 15.
Nxb5 Bxb5 16. cxb5 Rxb5 17. Bb2 a5 18. Rc1 Qb8 19. Rc4 d5 20. Rc1 e6 21. Qc2 a4
22. Bxf6 axb3 23. axb3 Bxf6 24. Rb1 Qb6 25. Rfc1 Rb8 26. Bd1 d4 27. Qd3 dxe3 28.
Qxe3 Bd4 29. Qe2 Rf5 30. Kh1 Rxf2 31. Qd3 e5 32. Bf3 Qf6 33. Rc2 Rxc2 34. Qxc2
Qf4 35. Qc7 Rb6 36. Qc2 Re6 37. Bd5 Rd6 38. Qe4 Qf5 39. b4 Rxd5 40. Qxf5 gxf5
41. b5 Rd6 42. g3 e4 43. Kg2 Kg7 44. h3 Kf6 45. Kf1 Ke5 46. Ke2 Rg6 47. g4 f4
{White resigns} 0-1

[Event "Team 45 45 League T32"]
[Site "Internet Chess Club"]
[Date "2007.02.11"]
[Round "4"]
[White "jorobo"]
[Black "Gil-galad"]
[Result "1/2-1/2"]
[WhiteElo "2203"]
[BlackElo "2115"]
[ECO "E94"]
[TimeControl "2700+45"]

1. c4 Nf6 2. Nc3 g6 3. e4 d6 4. d4 Bg7 5. Be2 O-O 6. Nf3 e5 7. O-O Na6 8. Be3
Ng4 9. Bg5 Qe8 10. c5 h6 11. Bh4 exd4 12. Nd5 g5 13. Bxa6 gxh4 14. Bd3 Qd8 15.
cxd6 Qxd6 16. h3 Ne5 17. Nxe5 Bxe5 18. f4 Bg7 19. f5 c6 20. Nf4 Bd7 21. Nh5 Bf6
22. Nxf6+ Qxf6 23. Rf4 Kh7 24. Qe1 Rae8 25. Rxh4 c5 26. Rc1 b6 27. Rg4 Rg8 28.
Rxg8 Kxg8 29. b4 Qe5 30. bxc5 bxc5 31. Qh4 Bxf5 32. Qxh6 Bg6 {Game drawn by
mutual agreement} 1/2-1/2

[Event "Team 45 45 League T32"]
[Site "Internet Chess Club"]
[Date "2007.02.11"]
[Round "4"]
[White "gorgon"]
[Black "mala9"]
[Result "0-1"]
[WhiteElo "2129"]
[BlackElo "2148"]
[ECO "A38"]
[TimeControl "2700+45"]

1. c4 Nf6 2. Nf3 g6 3. Nc3 c5 4. g3 Bg7 5. Bg2 Nc6 6. O-O d5 7. cxd5 Nxd5 8.
Nxd5 Qxd5 9. d3 O-O 10. Nd2 Qh5 11. Nb3 Bd7 12. Bf3 Qe5 13. Rb1 b6 14. Bf4 Qf6
15. Nd2 e5 16. Be3 Rad8 17. Bg2 Qd6 18. Nc4 Qe7 19. Bd2 Nd4 20. b4 Bg4 21. Re1
Qd7 22. bxc5 bxc5 23. Rb7 Nxe2+ 24. Rxe2 Qxd3 25. f3 Bc8 26. Na5 Bxb7 27. Nxb7
Rb8 28. f4 exf4 29. gxf4 Rfe8 30. Rxe8+ Rxe8 31. Qa4 Bd4+ 32. Kh1 Qb1+ {White
resigns} 0-1

[Event "Team 45 45 League T32"]
[Site "Internet Chess Club"]
[Date "2007.02.11"]
[Round "4"]
[White "OrangeKing"]
[Black "Vael"]
[Result "0-1"]
[WhiteElo "1769"]
[BlackElo "1917"]
[ECO "A05"]
[TimeControl "2700+45"]

1. Nf3 Nf6 2. g3 d5 3. d4 c5 4. c3 e6 5. Bg2 Nc6 6. O-O Qb6 7. Nbd2 cxd4 8. cxd4
Nxd4 9. Qa4+ Nc6 10. Ne5 Qb4 11. Qxb4 Bxb4 12. Nxc6 bxc6 13. a3 Bd6 14. e4 Ba6
15. Re1 Bc5 16. Nb3 Bb6 17. h3 O-O 18. exd5 cxd5 19. Be3 Bxe3 20. Rxe3 Rab8 21.
Nc5 Bc4 22. b4 Rfc8 23. Rb1 Rxc5 {White resigns} 0-1

[Event "Team 45 45 League T32"]
[Site "Internet Chess Club"]
[Date "2007.02.08"]
[Round "4"]
[White "Malcolm"]
[Black "RingLord"]
[Result "1-0"]
[WhiteElo "1850"]
[BlackElo "1714"]
[ECO "A00"]
[TimeControl "2700+45"]

1. Nc3 c5 2. g4 Nc6 3. e4 g6 4. Bg2 Bg7 5. d3 d6 6. f4 e6 7. Nf3 f5 8. h3 Nge7
9. Be3 Nd4 10. Qd2 Rb8 11. Kf2 b5 12. a3 a5 13. Bxd4 cxd4 14. Ne2 Nc6 15. exf5
exf5 16. g5 O-O 17. h4 b4 18. b3 Qb6 19. a4 Bb7 20. h5 Ne7 21. Ng3 Nd5 22. Nh4
Ne3 23. hxg6 Nxg2 24. Nxg2 hxg6 25. Rh2 Rfe8 26. Qd1 Qc6 27. Nxf5 gxf5 28. Qh5
Qxc2+ 29. Kg1 Qc3 30. Qh7+ Kf8 31. Qxf5+ Ke7 32. Re1+ Kd8 33. Rxe8+ Kxe8 34.
Qg6+ Kf8 35. Qxd6+ Kf7 36. g6+ Kg8 37. Qe6+ {Black resigns} 1-0